[ AOE2 MATCH · #505757675 ]
UnrankedSpanish vs Wu
Player's team · WIN
[ REPLAY ANALYSIS · EXTRACTED FROM THE RECORDED GAME ]
Feudal
10:12
Castle
21:58
Imperial
—
| APM avg | 48.9 |
| APM peak | 116 |
| eAPM avg | 16.4 |
| Villagers / military | 50 / 11 |
Focus
⚔️ 21.9% · 🌾 78.1%
Conquistador ×11
Feudal
22:00
Castle
—
Imperial
—
| APM avg | 54.2 |
| APM peak | 93 |
| eAPM avg | 17.6 |
| Villagers / military | 31 / 0 |
Focus
⚔️ 27.1% · 🌾 72.9%
Match map
Initial resources + every placement click. Lines = walls · curves = elevation contours. ◆ gold · ⬟ stone · ● berries · ✦ relic · ◌ wall gap
Your base· Open — unwalled flank
Jeffin's base· Open — unwalled flank
Smoothed initial terrain · ◌ = detected wall gap · hover for details
Inputs per minute
— eduv - - Jeffin
Build order — eduv
118 actions detected in the replay
| 0:01 | Create | Villager (Male) |
| 0:02 | Create | Villager (Male) |
| 0:02 | Build | House |
| 0:04 | Build | House |
| 0:18 | Create | Villager (Male) |
| 0:19 | Create | Villager (Male) |
| 0:19 | Create | Villager (Male) |
| 1:27 | Create | Villager (Male) |
| 1:54 | Create | Villager (Male) |
| 1:55 | Build | Lumber Camp |
| 2:17 | Create | Villager (Male) |
| 2:17 | Create | Villager (Male) |
| 2:58 | Create | Villager (Male) |
| 3:14 | Create | Villager (Male) |
| 3:14 | Create | Villager (Male) |
| 3:42 | Create | Villager (Male) |
| 3:42 | Create | Villager (Male) |
| 4:00 | Create | Villager (Male) |
| 4:08 | Build | House |
| 4:16 | Create | Villager (Male) |
| 4:17 | Create | Villager (Male) |
| 4:50 | Create | Villager (Male) |
| 4:51 | Create | Villager (Male) |
| 4:51 | Create | Villager (Male) |
| 4:51 | Create | Villager (Male) |
| 5:21 | Create | Villager (Male) |
| 5:22 | Create | Villager (Male) |
| 5:39 | Build | House |
| 6:10 | Build | Mill |
| 6:49 | Create | Villager (Male) |
| 6:49 | Create | Villager (Male) |
| 6:49 | Create | Villager (Male) |
| 6:49 | Create | Villager (Male) |
| 6:50 | Create | Villager (Male) |
| 6:56 | Create | Villager (Male) |
| 6:56 | Create | Villager (Male) |
| 7:02 | Build | Farm |
| 8:02 | Research | Feudal Age |
| 9:25 | Research | Loom |
| 10:09 | Create | Villager (Male) |
| 10:12 | Age | Feudal Age |
| 10:25 | Research | Double-Bit Axe |
| 10:25 | Research | Double-Bit Axe |
| 10:51 | Research | Town Watch |
| 10:51 | Research | Town Watch |
| 10:56 | Create | Villager (Male) |
| 11:47 | Build | House |
| 11:49 | Build | House |
| 12:03 | Build | Town Center |
| 13:11 | Create | Villager (Male) |
| 13:28 | Build | Mining Camp |
| 13:36 | Create | Villager (Male) |
| 13:53 | Build | House |
| 14:11 | Build | House |
| 14:15 | Build | House |
| 14:30 | Build | House |
| 14:33 | Create | Villager (Male) |
| 14:34 | Create | Villager (Male) |
| 14:50 | Build | House |
| 14:54 | Build | House |
| 15:03 | Build | Mining Camp |
| 15:04 | Create | Villager (Male) |
| 15:13 | Build | Palisade Wall |
| 15:24 | Build | Mill |
| 15:24 | Build | Farm |
| 15:25 | Build | Farm |
| 15:25 | Build | Farm |
| 15:25 | Build | Farm |
| 15:25 | Build | Farm |
| 15:26 | Build | Farm |
| 15:31 | Build | Farm |
| 15:32 | Build | Farm |
| 15:34 | Build | Farm |
| 15:37 | Build | Farm |
| 15:38 | Build | Farm |
| 15:41 | Build | Farm |
| 15:47 | Create | Villager (Male) |
| 16:07 | Build | Farm |
| 16:18 | Build | Farm |
| 16:23 | Create | Villager (Male) |
| 16:31 | Build | Farm |
| 16:34 | Create | Villager (Male) |
| 16:35 | Create | Villager (Male) |
| 17:20 | Create | Villager (Male) |
| 17:50 | Create | Villager (Male) |
| 18:02 | Build | Market |
| 18:05 | Create | Villager (Male) |
| 18:18 | Build | Blacksmith |
| 18:37 | Research | Stone Mining |
| 18:38 | Research | Stone Mining |
| 18:49 | Create | Villager (Male) |
| 19:08 | Research | Castle Age |
| 19:40 | Build | Lumber Camp |
| 20:24 | Create | Villager (Male) |
| 20:49 | Create | Villager (Male) |
| 21:58 | Age | Castle Age |
| 22:00 | Create | Villager (Male) |
| 22:14 | Build | Castle |
| 22:31 | Research | Bow Saw |
| 22:31 | Research | Bow Saw |
| 23:10 | Build | Farm |
| 23:10 | Build | Farm |
| 24:26 | Create | Conquistador |
| 24:26 | Create | Conquistador |
| 24:37 | Create | Conquistador |
| 25:12 | Create | Conquistador |
| 25:12 | Create | Conquistador |
| 25:12 | Create | Conquistador |
| 25:54 | Build | Mill |
| 25:56 | Build | Lumber Camp |
| 25:58 | Create | Conquistador |
| 25:58 | Create | Conquistador |
| 26:09 | Build | Farm |
| 26:33 | Create | Conquistador |
| 26:33 | Create | Conquistador |
| 27:15 | Create | Villager (Male) |
| 27:24 | Create | Conquistador |
| 27:33 | Create | Villager (Male) |
Build order — Jeffin
89 actions detected in the replay
| 0:01 | Create | Villager (Male) ×4 |
| 0:02 | Build | House |
| 0:03 | Build | House |
| 1:23 | Create | Villager (Male) |
| 1:52 | Create | Villager (Male) |
| 1:52 | Create | Villager (Male) |
| 2:13 | Create | Villager (Male) |
| 2:22 | Build | Lumber Camp |
| 2:49 | Create | Villager (Male) |
| 2:49 | Create | Villager (Male) |
| 3:03 | Create | Villager (Male) |
| 3:23 | Build | House |
| 3:24 | Build | House |
| 3:47 | Create | Villager (Male) |
| 3:48 | Create | Villager (Male) |
| 4:56 | Create | Villager (Male) |
| 4:58 | Build | Mill |
| 5:18 | Create | Villager (Male) |
| 5:18 | Create | Villager (Male) |
| 6:15 | Create | Villager (Male) |
| 6:36 | Build | House |
| 6:45 | Create | Villager (Male) |
| 7:24 | Create | Villager (Male) |
| 7:35 | Research | Loom |
| 7:37 | Build | House |
| 8:54 | Build | Town Center |
| 9:15 | Build | Palisade Wall |
| 9:16 | Build | Palisade Wall |
| 9:16 | Build | Palisade Wall |
| 9:20 | Build | Palisade Wall |
| 9:22 | Build | Palisade Wall |
| 9:24 | Build | Palisade Wall |
| 9:24 | Build | Palisade Wall |
| 9:36 | Create | Villager (Male) |
| 9:36 | Create | Villager (Male) |
| 9:54 | Build | Palisade Wall |
| 9:55 | Build | Palisade Wall |
| 9:59 | Build | Palisade Wall |
| 10:00 | Build | Palisade Wall |
| 10:01 | Build | Palisade Wall |
| 10:06 | Create | Villager (Male) |
| 10:34 | Create | Villager (Male) |
| 10:53 | Build | Palisade Wall |
| 11:18 | Create | Villager (Male) |
| 11:26 | Create | Villager (Male) |
| 11:27 | Create | Villager (Male) |
| 11:54 | Build | Town Center |
| 13:10 | Create | Villager (Male) |
| 13:52 | Create | Villager (Male) |
| 13:52 | Create | Villager (Male) |
| 13:52 | Create | Villager (Male) |
| 15:03 | Build | Mining Camp |
| 16:14 | Build | Mining Camp |
| 17:48 | Build | Palisade Wall |
| 17:51 | Build | Palisade Wall |
| 17:57 | Build | Palisade Wall |
| 18:08 | Build | Palisade Wall |
| 18:14 | Build | Palisade Wall |
| 18:23 | Build | Palisade Wall |
| 18:36 | Build | Palisade Wall |
| 18:39 | Build | Palisade Wall |
| 19:02 | Build | Town Center |
| 19:18 | Build | Outpost |
| 19:42 | Create | Villager (Male) |
| 19:50 | Research | Feudal Age |
| 22:00 | Age | Feudal Age |
| 23:59 | Build | Palisade Wall |
| 24:00 | Build | Palisade Wall |
| 24:01 | Build | Palisade Wall |
| 24:05 | Build | Palisade Wall |
| 24:06 | Build | Palisade Wall |
| 24:06 | Build | Palisade Wall |
| 24:07 | Build | Palisade Wall |
| 24:08 | Build | Palisade Wall |
| 24:08 | Build | Palisade Wall |
| 25:06 | Build | Watch Tower |
| 25:11 | Build | House |
| 25:14 | Build | Palisade Wall |
| 25:17 | Build | Palisade Wall |
| 25:18 | Build | Palisade Wall |
| 25:20 | Build | Palisade Wall |
| 25:21 | Build | Palisade Wall |
| 25:22 | Build | Palisade Wall |
| 25:32 | Build | Palisade Wall |
| 25:33 | Build | Palisade Wall |
| 26:29 | Build | House |
| 26:32 | Build | House |
| 27:02 | Build | Market |
| 27:06 | Build | House |
Match timeline
| 9:15 | Jeffin · wall_segment Palisade Wall x1 |
| 9:16 | Jeffin · wall_segment Palisade Wall x1 |
| 9:16 | Jeffin · wall_segment Palisade Wall x1 |
| 9:20 | Jeffin · wall_segment Palisade Wall x1 |
| 9:22 | Jeffin · wall_segment Palisade Wall x1 |
| 9:24 | Jeffin · wall_segment Palisade Wall x1 |
| 9:24 | Jeffin · wall_segment Palisade Wall x1 |
| 9:54 | Jeffin · wall_segment Palisade Wall x1 |
| 9:55 | Jeffin · wall_segment Palisade Wall x1 |
| 9:59 | Jeffin · wall_segment Palisade Wall x1 |
| 10:00 | Jeffin · wall_segment Palisade Wall x1 |
| 10:01 | Jeffin · wall_segment Palisade Wall x1 |
| 10:12 | eduv · age_up feudal |
| 10:53 | Jeffin · wall_segment Palisade Wall x1 |
| 15:13 | eduv · wall_segment Palisade Wall x6 |
| 17:48 | Jeffin · wall_segment Palisade Wall x5 |
| 17:51 | Jeffin · wall_segment Palisade Wall x8 |
| 17:57 | Jeffin · wall_segment Palisade Wall x6 |
| 18:08 | Jeffin · wall_segment Palisade Wall x1 |
| 18:14 | Jeffin · wall_segment Palisade Wall x18 |
| 18:23 | Jeffin · wall_segment Palisade Wall x1 |
| 18:36 | Jeffin · wall_segment Palisade Wall x7 |
| 18:39 | Jeffin · wall_segment Palisade Wall x1 |
| 21:58 | eduv · age_up castle |
| 22:00 | Jeffin · age_up feudal |
| 22:14 | eduv · first_building Castle |
| 23:47 | eduv · first_market_sell 100 wood |
| 23:59 | Jeffin · wall_segment Palisade Wall x1 |
| 24:00 | Jeffin · wall_segment Palisade Wall x1 |
| 24:01 | Jeffin · wall_segment Palisade Wall x1 |
| 24:05 | Jeffin · wall_segment Palisade Wall x1 |
| 24:06 | Jeffin · wall_segment Palisade Wall x1 |
| 24:06 | Jeffin · wall_segment Palisade Wall x1 |
| 24:07 | Jeffin · wall_segment Palisade Wall x1 |
| 24:08 | Jeffin · wall_segment Palisade Wall x1 |
| 24:08 | Jeffin · wall_segment Palisade Wall x2 |
| 25:14 | Jeffin · wall_segment Palisade Wall x1 |
| 25:17 | Jeffin · wall_segment Palisade Wall x1 |
| 25:18 | Jeffin · wall_segment Palisade Wall x1 |
| 25:20 | Jeffin · wall_segment Palisade Wall x1 |
| 25:21 | Jeffin · wall_segment Palisade Wall x1 |
| 25:22 | Jeffin · wall_segment Palisade Wall x1 |
| 25:32 | Jeffin · wall_segment Palisade Wall x4 |
| 25:33 | Jeffin · wall_segment Palisade Wall x7 |
| 27:33 | Jeffin · resign |
[ AI ANALYSIS · 1 CREDIT ]
What really happened in this match?
Wolo.gg analyzes every decision: build order, eco, micro, common mistakes by bracket. Personalized analysis on WhatsApp or Discord in 30 seconds.
Civ guide
Spanish
Perfil
Jugador #631884